 Dungeon Crawl Stone Soup version 0.30-a0-168-g0b976cbdc4 (webtiles) character file.

Game seed: 16322091782228220178

776 qw the Chopper (level 7, -11/44 HPs)
             Began as a Gargoyle Fighter on Sept 29, 2022.
             Mangled by an ogre
             ... wielding a +0 giant spiked club
              (18 damage)
             ... on level 5 of the Dungeon.
             The game lasted 00:01:31 (4132 turns).

qw the Chopper (Gargoyle Fighter)                   Turns: 4132, Time: 00:01:31

Health: -11/44     AC: 13    Str: 21    XL:     7   Next: 84%
Magic:  7/7        EV:  7    Int:  9    God:
Gold:   186        SH:  4    Dex:  9    Spells: 6/6 levels left

rFire   . . .      SeeInvis .    Y - +1 war axe (freeze)
rCold   . . .      Faith    .    c - +0 buckler
rNeg    + . .      Spirit   .    e - +0 chain mail
rPois   inf        Reflect  .    (no helmet)
rElec   +          Harm     .    (no cloak)
rCorr   .          Rampage  .    (no gloves)
Will    .....                    (no boots)
Stlth   ..........               (no amulet)
HPRegen 0.14/turn                (no ring)
MPRegen 0.10/turn                (no ring)

@: about to teleport
A: sickness immunity, AC +4, negative energy resistance 1, electricity
resistance, torment resistance 1, petrification resistance
a: no special abilities


You were on level 5 of the Dungeon.
You visited 1 branch of the dungeon, and saw 5 of its levels.

You collected 186 gold pieces.


Innate Abilities, Weirdness & Mutations

You are immune to sickness and miasma.
Your stone body is resilient. (AC +4)
You are immune to poison.
You resist negative energy. (rN+)
You are resistant to electric shocks. (rElec)
You are resistant to unholy torment.
You are immune to petrification.


   Skills:
 - Level 5.3 Fighting
 + Level 6.7 Axes
 - Level 3.2 Armour
 - Level 1.7 Dodging
 - Level 3.2 Shields


You had 6 spell levels left.
You didn't know any spells.
Your spell library was empty.

Inventory:

Hand Weapons
 a - a +0 mace
 Y - a +1 war axe of freezing (weapon)
Armour
 c - a +0 buckler (worn)
 e - a +0 chain mail (worn)
Scrolls
 h - a scroll of identify
Potions
 d - 2 potions of might
 f - a potion of attraction
 j - a potion of curing
 k - a potion of heal wounds

Dungeon Overview and Level Annotations

Branches:
Dungeon (5/15)
 Temple: D:4-7

Altars:

Shops:
D:2 (


Message History

You kill the adder!
You see here an adder corpse.
An orc comes into view. It is wielding a +0 falchion.
Enter note: An orc is nearby!
The orc suddenly roars.
You closely miss the orc.
The orc suddenly grunts.
The orc hits you but does no damage.
You barely miss the orc. The orc barely misses you.
You closely miss the orc. The orc barely misses you.
You barely miss the orc. You block the orc's attack.
You closely miss the orc. The orc hits you but does no damage.
The orc closely misses you.
You hit the orc. You freeze the orc.
You kill the orc!
You see here a +0 falchion.
An ogre comes into view. It is wielding a +0 giant spiked club.
The ogre shouts!
You hit the ogre but do no damage.
The ogre hits you with a +0 giant spiked club!!
You slash the ogre! You freeze the ogre.
The ogre is heavily wounded.
The ogre barely misses you.
You hit the ogre. You freeze the ogre.
The ogre is severely wounded.
You hit the ogre but do no damage.
The ogre is severely wounded.
The ogre hits you but does no damage.
You hit the ogre but do no damage.
The ogre is severely wounded.
The ogre hits you with a +0 giant spiked club!!
4132 ||| READING scroll of teleportation.
As you read the scroll of teleportation, it crumbles to dust.
You feel strangely unstable.
The ogre hits you with a +0 giant spiked club!!
You die...

# #.#.## #.....#
#.#
....#...####.....#
#..
..................#
###
....#..#####......#
### #.. ..##......#
##. #.##.######
#.##.##.# #.....).#
####@#### #..O....#
.......#.#
#.#..##.# #.#...
... # #.## #.# #.
.# .. #


You could see an ogre.

Vanquished Creatures
  Sigmund (D:4)
  An ice beast (D:4)
  A centaur (D:4)
  A scorpion (D:4)
  A howler monkey (D:4)
  3 hounds
  Terence (D:2)
  An orc wizard (D:3)
  4 gnolls (D:4)
  7 adders
  3 worms
  2 dart slugs
  7 orcs
  9 endoplasms
  7 giant cockroaches
  7 hobgoblins
  3 jackals (D:1)
  10 kobolds
  3 quokkas
  6 ball pythons
  6 bats
  3 frilled lizards
  12 goblins
  5 rats
104 creatures vanquished.

Notes
Turn   | Place    | Note
-------+----------+-------------------------------------------
     0 | D:1      | qw the Gargoyle Fighter began the quest for the Orb.
     0 | D:1      | Reached XP level 1. HP: 14/14 MP: 1/1
     0 | D:1      | 0 ||| qw: Version: 0.2-a-12-gaebbb33
     0 | D:1      | 0 ||| qw: Game counter: 1208
     0 | D:1      | 0 ||| qw: Always use a shield: true
     0 | D:1      | 0 ||| qw: God list: Okawaru
     0 | D:1      | 0 ||| qw: Allow faded altars: false
     0 | D:1      | 0 ||| qw: Do Orc after D:15 true
     0 | D:1      | 0 ||| qw: Do second Lair branch before Depths: true
     0 | D:1      | 0 ||| qw: Lair rune preference: random
     0 | D:1      | 0 ||| qw: Plans: Normal, Zot:1-4, God:TSO, Crypt, Tomb,
                  | Pan, Slime:5, Hells, Abyss, Orb
     0 | D:1      | 0 ||| PLANNING D:1-11
    36 | D:1      | 36 ||| Stepping ~*~*~tactically~*~*~ (stealth).
    38 | D:1      | 38 ||| Stepping ~*~*~tactically~*~*~ (stealth).
    40 | D:1      | 40 ||| Stepping ~*~*~tactically~*~*~ (stealth).
    42 | D:1      | Reached skill level 2 in Axes
    50 | D:1      | Reached XP level 2. HP: 17/19 MP: 2/2
   160 | D:1      | Found a faded altar of an unknown god.
   173 | D:1      | Reached skill level 3 in Axes
   185 | D:1      | Reached XP level 3. HP: 19/23 MP: 3/3
   507 | D:1      | 507 ||| Stepping ~*~*~tactically~*~*~ (stealth).
   959 | D:1      | 959 ||| READING scroll labelled POM BUERROERYDUEM.
   960 | D:1      | 960 ||| READING scroll labelled HUVOESETAI.
   961 | D:1      | 961 ||| READING scroll labelled OLODGH SOUPRIWY.
  1047 | D:2      | 1047 ||| Stepping ~*~*~tactically~*~*~ (stealth).
  1105 | D:2      | 1105 ||| Stepping ~*~*~tactically~*~*~ (stealth).
  1106 | D:2      | 1106 ||| Stepping ~*~*~tactically~*~*~ (stealth).
  1111 | D:2      | Noticed Terence
  1121 | D:2      | Killed Terence
  1122 | D:2      | Reached XP level 4. HP: 17/28 MP: 4/4
  1258 | D:2      | 1258 ||| DROPPING +0 club.
  1299 | D:2      | 1299 ||| Stepping ~*~*~tactically~*~*~ (stealth).
  1301 | D:2      | 1301 ||| Stepping ~*~*~tactically~*~*~ (stealth).
  1343 | D:2      | Reached skill level 4 in Axes
  1523 | D:2      | 1523 ||| Stepping ~*~*~tactically~*~*~ (stealth).
  1671 | D:2      | Found Gorrebum's Weapon Shop.
  1676 | D:2      | 1676 ||| SHOPLISTING +2 flail of draining (219 gold, have
                  | 93).
  1760 | D:2      | 1760 ||| UPGRADING to +0 chain mail.
  1770 | D:2      | 1770 ||| DROPPING +0 scale mail.
  1771 | D:2      | 1771 ||| DRINKING 2 blue potions.
  1961 | D:3      | Reached XP level 5. HP: 32/32 MP: 5/5
  1991 | D:3      | HP: 6/32 [something (3)]
  2003 | D:3      | HP: 5/32 [something (2)]
  2009 | D:3      | 2009 ||| FLEEEEING.
  2015 | D:3      | 2015 ||| FLEEEEING.
  2498 | D:3      | 2498 ||| Stepping ~*~*~tactically~*~*~ (hiding).
  2509 | D:3      | Reached skill level 5 in Axes
  2608 | D:3      | 2608 ||| Stepping ~*~*~tactically~*~*~ (stealth).
  2609 | D:3      | 2609 ||| Stepping ~*~*~tactically~*~*~ (stealth).
  2610 | D:3      | 2610 ||| Stepping ~*~*~tactically~*~*~ (stealth).
  2856 | D:3      | 2856 ||| READING scroll labelled XAZEUDI SESUSU.
  2857 | D:3      | 2857 ||| READING scroll labelled ZUETHR UTUWKOY.
  2858 | D:3      | 2858 ||| READING scroll labelled IHOMNO JUBRAM.
  2859 | D:3      | 2859 ||| READING scroll labelled SAMNETZEUT.
  3058 | D:4      | Noticed Sigmund
  3068 | D:4      | Killed Sigmund
  3069 | D:4      | Reached XP level 6. HP: 37/40 MP: 6/6
  3246 | D:4      | 3246 ||| Stepping ~*~*~tactically~*~*~ (stealth).
  3271 | D:4      | Reached XP level 7. HP: 42/44 MP: 7/7
  3302 | D:4      | Reached skill level 6 in Axes
  3350 | D:4      | Reached skill level 1 in Dodging
  3538 | D:4      | 3538 ||| Stepping ~*~*~tactically~*~*~ (stealth).
  3541 | D:4      | 3541 ||| Stepping ~*~*~tactically~*~*~ (stealth).
  3548 | D:4      | 3548 ||| Stepping ~*~*~tactically~*~*~ (hiding).
  3550 | D:4      | 3550 ||| Stepping ~*~*~tactically~*~*~ (hiding).
  3799 | D:4      | 3799 ||| Stepping ~*~*~tactically~*~*~ (hiding).
  3806 | D:4      | 3806 ||| Stepping ~*~*~tactically~*~*~ (stealth).
  4024 | D:4      | 4024 ||| READING scroll labelled DAFARPH DULAJE.
  4025 | D:4      | 4025 ||| READING 2 scrolls labelled BEGUYMPULIO.
  4029 | D:4      | 4029 ||| DRINKING 2 sedimented ruby potions.
  4030 | D:4      | 4030 ||| READING 2 scrolls of identify.
  4030 | D:4      | 4030 ||| IDENTIFYING red potion
  4031 | D:4      | 4031 ||| DROPPING potion of degeneration.
  4059 | D:5      | Entered Level 5 of the Dungeon
  4131 | D:5      | HP: 6/44 [ogre/+0 giant spiked club (18)]
  4132 | D:5      | 4132 ||| READING scroll of teleportation.
  4132 | D:5      | Mangled by an ogre

Levels and vault maps discovered:
D:1:      amcnicky_arrival_abandoned_market, layout_basic,
          ebering_ecumenical_altar_webs
D:2:      layout_loops_cross, serial_shops, nicolae_shop_bloodbath_and_beyond,
          minmay_door_square, uniq_terence
D:3:      layout_loops_ring, kennysheep_generic_room_11
D:4:      layout_basic, minmay_crystal_water, uniq_sigmund
D:5:      layout_loops_cross

Skill      XL: |  1  2  3  4  5  6  7 |
---------------+----------------------+-----
Axes           | 2 3 4 5 6 |  6.7
Fighting       | 5 |  5.3
Dodging        | 1 |  1.7
Armour         | |  3.2
Shields        | |  3.2

Action                   |  1- 3 |  4- 6 |  7- 9 || total
-------------------------+-------+-------+-------++-------
Melee: War axe           |    79 |   140 |    64 ||   283
  Use: Scroll            |     3 |     4 |     4 ||    11
       Potion            |       |     1 |     1 ||     2
Armor: Scale mail        |    29 |    19 |       ||    48
       Chain mail        |       |    63 |    48 ||   111
Dodge: Dodged            |    31 |    37 |    17 ||    85
Block: Buckler           |     6 |    25 |    12 ||    43

Table legend:
 A = Non-vault XP
 B = Vault XP
 C = Vault XP percentage of total XP
 D = Non-vault monster count
 E = Vault monster count
 F = Vault count percentage of total count
                 A         B        C        D         E       F
            +---------+---------+-------+---------+---------+-------
      Total |     845 |     264 |  23.8 |     100 |       4 |   3.8
            +---------+---------+-------+---------+---------+-------
        D:1 |      51 |       0 |   0.0 |      31 |       0 |   0.0
        D:2 |      54 |      36 |  40.0 |      17 |       1 |   5.6
        D:3 |     100 |       5 |   4.8 |      21 |       2 |   8.7
        D:4 |     584 |     223 |  27.6 |      28 |       1 |   3.4
        D:5 |      56 |       0 |   0.0 |       3 |       0 |   0.0
            +---------+---------+-------+---------+---------+-------
